 Dungeon Crawl Stone Soup version 0.31-a0-564-g3b7de120b3 (webtiles) character file.

Game seed: 6105878130328244104

1033 Shayle the Trooper (level 8, -1/87 HPs)
             Began as an Ogre Shapeshifter on Aug 17, 2023.
             Was an Initiate of Ashenzari.
             Slain by an ogre
             ... wielding a +0 giant club
              (26 damage)
             ... on level 5 of the Dungeon.
             The game lasted 00:12:14 (4895 turns).

Shayle the Trooper (Ogre Shapeshifter)              Turns: 4895, Time: 00:12:15

Health: -1/87      AC:  4    Str: 26      XL:     8   Next: 24%
Magic:  15/15      EV:  9    Int: 11      God:    Ashenzari [......]
Gold:   322        SH:  0    Dex:  6 (9)  Spells: 17/17 levels left

rFire   . .          .
                       - Unarmed
rCold   . . .        (no shield)
rNeg    . . .        a - +1 animal skin
rPois   +            (helmet currently unavailable)
rElec   .            (cloak currently unavailable)
rCorr   .            (gloves unavailable)
SInv    .            (boots unavailable)
Will    .....        (no amulet)
Stlth   +            f - +6 ring of strength
HPRegen 0.34/turn    k - ring of poison resistance
MPRegen 0.14/turn

%: no passive effects
@: beast-form
A: beast (slay +2), large, unfitting armour, tough skin 1
a: Begin Untransformation, Renounce Religion


You were on level 5 of the Dungeon.
You worshipped Ashenzari.
Ashenzari was noncommittal.
You were a hulking beast.
You visited 2 branches of the dungeon, and saw 6 of its levels.
You also visited: Sewer.

You collected 322 gold pieces.

Inventory:

Hand Weapons
 r - a +2 mace of holy wrath
Missiles
 v - a curare-tipped dart
Armour
 a - a +1 animal skin (worn)
 s - a +2 helmet
Jewellery
 f - a +6 ring of strength (left hand)
 k - a ring of poison resistance (right hand)
 o - a +6 ring of strength
Talismans
 c - a beast talisman (active)
 d - a flux talisman
Wands
 b - a wand of roots (1)
 y - a wand of polymorph (11)
Scrolls
 e - a scroll of poison {unknown}
 g - 2 scrolls of identify {unknown}
 h - 2 scrolls of vulnerability {unknown}
 i - a scroll of enchant weapon {unknown}
 j - 2 scrolls of enchant armour
 l - a scroll of blinking {unknown}
 m - 3 scrolls of immolation {unknown}
 p - a scroll of noise {unknown}
 B - a scroll of summoning {unknown}
Potions
 n - 2 potions of invisibility {unknown}
 q - 2 potions of curing {unknown}
 t - 2 potions of heal wounds {unknown}
 u - a potion of mutation {unknown}
 w - 2 potions of might {unknown}
 x - a potion of haste {unknown}
 z - a potion of magic {unknown}
 C - a potion of attraction {unknown}


   Skills:
 + Level 7.2 Fighting
 + Level 1.8 Throwing
 - Level 1.7 Dodging
 + Level 5.5 Unarmed Combat
 - Level 5.0 Spellcasting
 - Level 3.0 Shapeshifting


You had 17 spell levels left.
You didn't know any spells.
Your spell library was empty.

Dungeon Overview and Level Annotations

Branches:
Dungeon (5/15)             Temple (1/1) D:4           Sewer (visited)

Altars:
Ashenzari
Cheibriados
Dithmenos
Elyvilon
Fedhas
Hepliaklqana
Okawaru
Ru
Sif Muna
Vehumet
Wu Jian
Xom
Yredelemnul
Zin
The Shining One

Shops:
D:5 *


Innate Abilities, Weirdness & Mutations

You are a hulking beast.
Your limbs bulge with bestial killing power. (Slay +2)
You are too large for most types of armour.
You have tough skin. (AC +1)


Message History

The water moccasin is almost dead.
The water moccasin barely misses you.
You miss the water moccasin.
The water moccasin is almost dead.
The water moccasin bites you.
You barely miss the water moccasin.
The water moccasin is almost dead.
The water moccasin bites you.
The water moccasin bites you but does no damage.
You miss the water moccasin.
The water moccasin is almost dead.
The water moccasin bites you.
You miss the water moccasin.
The water moccasin is almost dead.
The water moccasin bites you.
You punch the water moccasin!
You kill the water moccasin!
You feel your dexterity returning.
Throw: 3 large rocks
Press: ? - help, Q - select action, (/) - cycle Shift-Dir - straight line, f - ogre
Aim: an ogre, wielding a +0 giant club (72% to hit)
You throw a large rock. The large rock hits the ogre!
The ogre is heavily wounded.
The ogre hits you with a +0 giant club!
The ogre hits you with a +0 giant club!!
* * * LOW HITPOINT WARNING * * *
Okay, then.
Throw: 2 large rocks
Press: ? - help, Q - select action, (/) - cycle Shift-Dir - straight line, f/p - ogre
Aim: an ogre, wielding a +0 giant club (heavily wounded, 72% to hit)
You throw a large rock. The large rock barely misses the ogre.
The ogre barely misses you.
Unknown command.
Throw: large rock
Press: ? - help, Q - select action, (/) - cycle Shift-Dir - straight line, f/p - ogre
Aim: an ogre, wielding a +0 giant club (heavily wounded, 72% to hit)
You throw a large rock. The large rock barely misses the ogre.
The ogre misses you.
The ogre hits you with a +0 giant club!!
You die...

+####[#
###.......
###.....O..#
#...####....
#####.###### .
#####....>.Oh..+
#.........######
##.........#
#..........#
#.###...####
#.###...#
#..##...#
##..######
#♣♣....♣♣


You could see an ogre.

Vanquished Creatures
  Grinder (Sewer)
  Sigmund (D:2)
  A water moccasin (D:5)
  An ogre (D:5)
  2 kobold brigands (Sewer)
  A scorpion (D:3)
  A quasit (Sewer)
  An iguana (D:3)
  9 adders
  3 gnolls (D:2)
  2 shadow imps (Sewer)
  5 ufetubi
  An adder zombie (Sewer)
  3 worms
  2 dart slugs
  5 orcs
  5 endoplasms
  3 giant cockroaches
  5 goblins
  8 hobgoblins
  18 kobolds
  6 quokkas
  9 ball pythons
  2 bats
  A frilled lizard (D:1)
  10 rats
106 creatures vanquished.

Vanquished Creatures (others)
  A kobold zombie (Sewer)
1 creature vanquished.

Grand Total: 107 creatures vanquished

Notes
Turn   | Place    | Note
-------+----------+-------------------------------------------
     0 | D:1      | Shayle the Ogre Shapeshifter began the quest for the Orb.
     0 | D:1      | Reached XP level 1. HP: 19/19 MP: 1/1
    86 | D:1      | Reached XP level 2. HP: 28/28 MP: 1/3
   143 | D:1      | Reached skill level 2 in Fighting
   199 | D:1      | Reached skill level 1 in Spellcasting
   868 | D:2      | Reached XP level 3. HP: 23/36 MP: 3/5
  1132 | D:2      | Reached skill level 3 in Fighting
  1262 | D:2      | Reached XP level 4. HP: 20/45 MP: 5/7
  1507 | D:2      | Noticed Sigmund
  1530 | D:2      | Killed Sigmund
  1531 | D:2      | Reached skill level 4 in Fighting
  1531 | D:2      | Reached XP level 5. HP: 30/55 MP: 7/9
  1716 | D:2      | Reached XP level 6. HP: 63/63 MP: 9/11
  2192 | D:3      | Reached skill level 5 in Fighting
  2220 | D:3      | Found a glowing drain.
  2227 | Sewer    | Entered a sewer
  2543 | Sewer    | Reached XP level 7. HP: 39/72 MP: 11/13
  2696 | Sewer    | Found a burning altar of Makhleb.
  3144 | Sewer    | Noticed Grinder
  3152 | Sewer    | Killed Grinder
  3153 | Sewer    | Reached skill level 6 in Fighting
  3153 | Sewer    | Reached skill level 5 in Unarmed Combat
  3153 | Sewer    | Reached skill level 5 in Spellcasting
  3415 | D:3      | Identified the +0 leather armour of Lesser Demons {rPois
                  | Will+ Slay+3}
  3456 | D:3      | Upgraded the game from 0.31-a0-557-g6e16503903 to
                  | 0.31-a0-564-g3b7de120b3
  4120 | D:4      | Found a hazy altar of Hepliaklqana.
  4416 | D:4      | Found a staircase to the Ecumenical Temple.
  4425 | Temple   | Entered the Ecumenical Temple
  4439 | Temple   | Became a worshipper of Ashenzari the Shackled
  4519 | D:5      | Entered Level 5 of the Dungeon
  4653 | D:5      | Reached XP level 8. HP: 83/84 MP: 15/15
  4658 | D:5      | Reached skill level 7 in Fighting
  4658 | D:5      | Reached skill level 1 in Throwing
  4828 | D:5      | Found Bouc's Fire Supplies.
  4895 | D:5      | Slain by an ogre

Illustrated notes

Levels and vault maps discovered:
D:1:      spicycebolla_arrival_ecumenical, layout_loops_ring
D:2:      minmay_spotlight, layout_basic, uniq_sigmund
D:3:      layout_loops_ring, gup_sewer_entry_bubbles
D:4:      layout_cave_pools, mainiacjoe_overflow_alcove_2,
          lemuel_temple_firewalk_b, serial_glass, glass_columns_b,
          glass_columns_a, glass_columns_b, item_on_display_b,
          minmay_strange_pillars
D:5:      layout_basic, overflow_temple_1_default, nicolae_shop_fire_sale
          [nicolae_sub_dead_trees], kennysheep_dice
Temple:   compressed_dpeg_circular_temple

Skill      XL: |  1  2  3  4  5  6  7  8 |
---------------+-------------------------+-----
Fighting       | 2 3 4 5 6 7 |  7.2
Spellcasting   | 1 2 3 4 5 |  5.0
Unarmed Combat | 3 4 5 |  5.5
Throwing       | 1 |  1.8
Dodging        | |  1.7
Shapeshifting  | |  3.0

Action                     |  1- 3 |  4- 6 |  7- 9 || total
---------------------------+-------+-------+-------++-------
  Melee: Unarmed           |    76 |   141 |   151 ||   368
         Punch             |     1 |     2 |     2 ||     5
  Throw: Large rock        |       |       |    21 ||    21
  Evoke: Wand              |       |       |     1 ||     1
    Use: Scroll            |     1 |       |       ||     1
         Potion            |       |       |     1 ||     1
   Stab: Sleeping          |     1 |     1 |       ||     2
 Armour: Animal skin       |    19 |    39 |    60 ||   118
         Skin              |       |       |    69 ||    69
  Dodge: Dodged            |    29 |    48 |    97 ||   174

Table legend: (Time is in decaauts)
 A = Elapsed time spent in this place.
 B = Non-inter-level travel time spent in this place.
 C = Inter-level travel time spent in this place.
 D = Time resting spent in this place.
 E = Time spent auto-exploring this place.
 F = Levels seen in this place.
 G = Mean time per level.
                   A        B        C        D        E       F      G
               +--------+--------+--------+--------+--------+-----+--------+
         Total |   4890 |   4625 |    265 |    947 |   2459 |   7 |  698.6 |
       Dungeon |   3888 |   3637 |    251 |    328 |   2368 |   5 |  777.6 |
        Temple |     28 |     14 |     14 |      0 |      0 |   1 |   28.0 |
         Sewer |    972 |    972 |      0 |    619 |     91 |   1 |  972.0 |
               +--------+--------+--------+--------+--------+-----+--------+

Top non-repeatable levels by time:
     D:2: 1116 daAuts
   Sewer: 972 daAuts
     D:3: 955 daAuts
     D:1: 827 daAuts
     D:4: 609 daAuts
     D:5: 379 daAuts
  Temple: 28 daAuts
